 Dungeon Crawl Stone Soup version 0.29.1 (webtiles) character file.

Game seed: 15793431382144683322

272 raistware the Conjurer (level 6, 0/36 HPs)
             Began as an Octopode Conjurer on Sept 12, 2022.
             Was an Initiate of Vehumet.
             Succumbed to a scorpion's poison
             ... on level 5 of the Dungeon.
             The game lasted 00:05:07 (4526 turns).

raistware the Conjurer (Octopode Conjurer)          Turns: 4526, Time: 00:05:07

Health: 0/36       AC:  3    Str: 13    XL:     6   Next: 23%
Magic:  2/22       EV: 13    Int: 22    God:    Vehumet [......]
Gold:   217        SH:  0    Dex: 10    Spells: 9/14 levels left

rFire   . . .      SeeInvis .   l - +1 dagger (flame)
rCold   . . .      Faith    .   (no shield)
rNeg    . . .      Spirit   .   i - +2 hat {Will+}
rPois   .          Reflect  .   (no amulet)
rElec   .          Harm     .   g - ring of magical power
rCorr   .          Rampage  .   j - +6 ring of strength
Will    +....                   (no ring)
Stlth   +++.......              (no ring)
HPRegen 0.12/turn               (no ring)
MPRegen 0.18/turn               (no ring)
                                (no ring)
                                (no ring)

@: lethally poisoned (0 -> -1), very slightly contaminated, hasted, very quick
A: almost no armour, amphibious, 8 rings, camouflage 1, gelatinous body 1,
(nimble swimmer 1), tentacles
a: Renounce Religion


You were on level 5 of the Dungeon.
You worshipped Vehumet.
Vehumet was noncommittal.
You visited 2 branches of the dungeon, and saw 6 of its levels.

You collected 217 gold pieces.

Inventory:

Hand Weapons
 l - a +1 dagger of flaming (weapon)
Missiles
 h - 10 poisoned darts
Armour
 i - a +2 hat of willpower (worn)
Jewellery
 g - a ring of magical power (left tentacle)
 j - a +6 ring of strength (right tentacle)
Wands
 u - a wand of roots (9)
Scrolls
 e - a scroll of fog {unknown}
 m - 4 scrolls of identify {unknown}
 n - a scroll of poison {unknown}
 o - a scroll of brand weapon {unknown}
 t - a scroll of fear {unknown}
 v - a scroll of vulnerability {unknown}
 w - a scroll of immolation {unknown}
Potions
 a - a potion of magic
 b - a potion of flight {unknown}
 c - a potion of berserk rage {unknown}
 f - 4 potions of brilliance {unknown}
 k - a potion of mutation {unknown}
 p - a potion of attraction {unknown}
 q - a potion of resistance {unknown}
 r - a potion of heal wounds {unknown}
 s - a potion of curing {unknown}
 x - a potion of degeneration {unknown}


   Skills:
 - Level 2.0 Dodging
 - Level 3.0 Stealth
 + Level 4.7 Spellcasting
 + Level 4.9 Conjurations
 - Level 2.0 Translocations


You had 9 spell levels left.
You knew the following spells:

 Your Spells              Type           Power      Damage    Failure   Level
a - Magic Dart            Conj           100%       1d8       1%          1
b - Iskenderun's Mystic   Conj/Tloc      20%        2d6       26%         4

Your spell library contained the following spells:

 Spells                   Type           Power      Damage    Failure   Level
 Searing Ray              Conj           52%        2d6       1%          2
 Dazzling Flash           Conj/Hex       32%        N/A       12%         3
 Fulminant Prism          Conj/Hex       8%         3d7       36%         4


Dungeon Overview and Level Annotations

Branches:
Dungeon (5/15)             Temple (1/1) D:4

Altars:
Ashenzari
Fedhas
Gozag
Kikubaaqudgha
Makhleb
Nemelex Xobeh
Okawaru
Qazlal
Ru
Sif Muna
Trog
Vehumet
Wu Jian
Xom
Zin
The Shining One

Annotations:
Temple 2 transporters


Innate Abilities, Weirdness & Mutations

You cannot wear most types of armour.
You are amphibious.
You can wear up to eight rings at the same time.
Your skin changes colour to match your surroundings (Stealth+).
Your rubbery body absorbs attacks. (AC +1, EV +1)
((You are camouflaged when in or above water. (Stealth+)))
You have tentacles for arms and can constrict up to eight enemies at once.


Message History

Unknown command.
Casting: Iskenderun's Mystic Blast (extremely dangerous; 26% risk of failure)
Confirm with . or Enter, or press ? or * to list all spells.
The spell is extremely dangerous to miscast (26% risk of failure)!
Continue anyway?
You miscast Iskenderun's Mystic Blast.
Nothing appears to happen.
You feel sick. The scorpion stings you. The quokka bites you.
Unknown command.
Casting: Iskenderun's Mystic Blast (extremely dangerous; 26% risk of failure)
Confirm with . or Enter, or press ? or * to list all spells.
The spell is extremely dangerous to miscast (26% risk of failure)!
Continue anyway?
You miscast Iskenderun's Mystic Blast.
You feel a strange surge of energy!
* * * LOW HITPOINT WARNING * * *
You feel sick. The scorpion stings you.
* * * LOW HITPOINT WARNING * * *
The quokka bites you.
* * * LOW HITPOINT WARNING * * *
Unknown command.
Casting: Iskenderun's Mystic Blast (extremely dangerous; 26% risk of failure)
Confirm with . or Enter, or press ? or * to list all spells.
The spell is extremely dangerous to miscast (26% risk of failure)!
Continue anyway?
You erupt in a blast of force!
The mystic blast hits the quokka.
The quokka is moderately wounded.
The quokka is knocked back by the mystic blast.
The mystic blast hits the scorpion.
The scorpion is almost dead.
The scorpion is knocked back by the mystic blast.
* * * LOW HITPOINT WARNING * * *
You feel sick.
You hear a bark!
You hear a shout! x3; You hear an angry hiss. x2
An orc comes into view. It is wielding a +0 falchion.
Unknown command.
Okay, then.
It was a potion of haste.
You feel yourself speed up.
You are no longer locked in place.
* * * LOW HITPOINT WARNING * * *
You feel sick.
An ogre comes into view. It is wielding a +0 giant club.
An orc comes into view. It is wielding a +0 trident.
Okay, then.
You die...

... ##...O
#..###.o..
#.........
.........#####.
>.............o
...............
......r.......#
.......@.s....#
...........#...
...........#
.............
........#.....#
.[...........##
.........##...#
......... ..#.


You could see an ogre, a scorpion, 2 orcs and a quokka.

Vanquished Creatures
  A black bear (D:4)
  A jelly (D:4)
  7 adders
  3 worms
  A dart slug (D:3)
  11 ball pythons
  4 bats
  8 endoplasms
  8 giant cockroaches
  6 hobgoblins
  2 jackals (D:3)
  10 kobolds
  2 quokkas
  2 frilled lizards (D:2)
  5 goblins
  4 rats
75 creatures vanquished.

Notes
Turn   | Place    | Note
-------+----------+-------------------------------------------
     0 | D:1      | raistware the Octopode Conjurer began the quest for the
                  | Orb.
     0 | D:1      | Reached XP level 1. HP: 11/11 MP: 3/3
   545 | D:1      | Reached XP level 2. HP: 17/17 MP: 1/5
  1569 | D:2      | Reached XP level 3. HP: 21/21 MP: 7/7
  2379 | D:2      | Reached XP level 4. HP: 27/27 MP: 10/10
  2384 | D:2      | Learned a level 4 spell: Iskenderun's Mystic Blast
  2923 | D:3      | Reached skill level 1 in Translocations
  3122 | D:3      | Reached XP level 5. HP: 31/31 MP: 11/11
  3779 | D:4      | Noticed a black bear
  3801 | D:4      | Killed a black bear
  4036 | D:4      | Reached XP level 6. HP: 36/36 MP: 12/12
  4207 | D:4      | Found a sparkling altar of Nemelex Xobeh.
  4387 | D:4      | Found a staircase to the Ecumenical Temple.
  4396 | Temple   | Entered the Ecumenical Temple
  4396 | Temple   | Found a transporter.
  4396 | Temple   | Found a transporter.
  4398 | Temple   | Found a transporter.
  4398 | Temple   | Found a transporter.
  4409 | Temple   | Became a worshipper of Vehumet
  4515 | D:5      | Entered Level 5 of the Dungeon
  4525 | D:5      | HP: 1/36 [poisoned by a scorpion]
  4526 | D:5      | Succumbed to a scorpion's poison

Illustrated notes

Levels and vault maps discovered:
D:1:      minmay_arrival_loop, layout_loops_ring
D:2:      layout_loops_corners, grunt_ministairs_6, minivault_19
D:3:      layout_basic, nicolae_figureground_pulse
D:4:      wander_river, layout_loops_cross, nemelex_xobeh_ov_fountains_minmay,
          minmay_temple_entry_drinking_statues, chequers_serial_rivers_large_a
D:5:      layout_cave_pools, ebering_ghost_rock_garden, minmay_bent,
          uniq_eustachio
Temple:   hellmonk_temple_divided_pantheon

Skill      XL: |  1  2  3  4  5 |
---------------+----------------+-----
Spellcasting   | 3 4 |  4.7
Stealth        | 3 |  3.0
Translocations | 1 2 |  2.0
Dodging        | |  2.0
Conjurations   | |  4.9

Action                   |  1- 3 |  4- 6 || total
-------------------------+-------+-------++-------
Melee: Unarmed           |    25 |       ||    25
       Constrict         |     5 |       ||     5
       Tentacles         |     1 |       ||     1
       Dagger            |       |     1 ||     1
 Cast: Magic Dart        |    68 |    90 ||   158
       Iskenderun's Myst |       |     1 ||     1
  Use: Potion            |       |     1 ||     1
 Stab: Sleeping          |     4 |       ||     4
Armor: Skin              |     5 |     3 ||     8
Dodge: Dodged            |    13 |     6 ||    19
